Map: Seeds of Aiur

Players

EGOist - Winner!

  • Race: Terran Terran
  • League: Silver
  • Spawn Location: 1:00

ILIEKEGGPIE - Winner!

  • Race: Protoss Protoss
  • League: Platinum
  • Spawn Location: 1:00

фари

  • Race: Protoss Protoss
  • Spawn Location: 7:00

Smurgul

  • Race: Protoss Protoss
  • League: Gold
  • Spawn Location: 7:00

VOD

Have the link to the VOD?

Description

Time

  • Played on: April 24, 2018, 11:50 a.m.
  • Length: 24:37
Show
View Real Time Build Order
Export as new Build Order

EGOist Terran - Winner!

Build Orders:  

Get SALT Encoding   

  12  0:03  SCV  
  13  0:15  SCV  
  14  0:25  Supply Depot  
  14  0:27  SCV  
  15  0:41  Refinery  
  15  0:43  Refinery  
  15  0:46  SCV  
  16  0:58  SCV  
  17  1:14  Barracks  
  17  1:19  Engineering Bay, SCV  
  18  1:31  SCV  
  19  2:03  Marine  
  20  2:21  Marine  
  21  2:39  Marine  
  20  2:52  Planetary Fortress  
  19  3:30  Barracks Reactor  
  18  4:13  Marine  
  18  4:14  Marine  
  20  4:31  Marine  
  20  4:32  Factory, Marine  
  22  4:49  Marine  
  22  4:51  Marine  
  23  4:59  Supply Depot  
  22  5:07  Marine  
  23  5:20  Marine  
  24  5:21  Supply Depot  
  21  5:31  Factory Tech Lab  
  21  5:35  Command Center  
  20  5:46  Armory  
  20  5:59  Siege Tank  
  23  6:31  Siege Tank  
  26  7:13  SCV  
  26  7:15  Siege Tank  
  30  7:26  SCV  
  31  7:38  SCV  
  32  7:47  Siege Tank  
  32  7:50  SCV  
  36  8:02  SCV  
  37  8:14  SCV  
  38  8:29  Supply Depot  
  38  8:41  Starport  
  38  8:43  Starport  
  38  8:47  SCV  
  39  8:59  SCV  
  39  9:00  Terran Ship Weapons Level 1  
  40  9:11  SCV  
  41  9:20  Starport Tech Lab  
  41  9:21  Starport Tech Lab  
  41  9:26  Fusion Core  
  41  9:42  Refinery  
  41  9:58  Viking x2  
  45  10:08  Refinery, Thor  
  51  10:15  Weapon Refit  
  51  10:22  SCV  
  51  10:28  Viking x2  
  56  10:34  SCV  
  57  10:39  Supply Depot  
  57  10:54  Terran Vehicle And Ship Armor Level 1  
  57  11:00  Thor  
  57  11:01  Supply Depot  
  63  11:17  Orbital Command  
  63  11:24  Supply Depot  
  69  11:33  Battlecruiser x2  
  75  11:46  Supply Depot  
  75  12:00  Thor  
  81  12:16  Supply Depot  
  81  12:23  SCV  
  82  12:38  Viking x2  
  82  12:40  Supply Depot  
  86  13:03  Supply Depot  
  86  13:04  Thor  
  92  13:08  Viking x2  
  96  13:19  Terran Vehicle Weapons Level 1  
  96  13:25  Supply Depot  
  96  13:38  Viking x2  
  100  13:43  Command Center  
  100  13:48  Supply Depot  
  100  14:05  Smart Servos  
  100  14:08  Viking x2  
  104  14:38  Viking x2  
  108  15:08  Viking x2  
  108  15:13  Refinery  
  112  15:30  Terran Vehicle Weapons Level 2  
  112  15:40  Refinery  
  112  15:41  Raven x2  
  116  15:56  Ghost Academy  
  116  16:06  Barracks Tech Lab  
  116  16:24  Viking x2  
  120  16:37  Supply Depot  
  120  16:51  Nuke  
  120  16:53  Viking  
  120  16:54  Viking  
  124  16:59  Supply Depot  
  124  17:23  Medivac  
  124  17:24  Medivac  
  128  17:30  Supply Depot  
  128  17:38  Ghost  
  130  17:46  Terran Ship Weapons Level 2  
  130  17:52  Supply Depot  
  104  19:51  Supply Depot  
  104  19:52  Supply Depot  
  104  19:53  Supply Depot  
  104  20:02  Terran Vehicle And Ship Armor Level 2  
  104  20:44  Viking  
  104  20:45  Viking  
  108  21:14  Viking  
  108  21:15  Viking  
  66  21:44  Viking  
  66  21:45  Viking  
  68  21:59  Ghost  
  70  22:14  Viking  
  70  22:15  Viking  
  65  22:44  Viking  
  65  22:45  Viking  
  69  23:11  Factory  
  69  23:52  Thor x3  
Show
View Real Time Build Order
Export as new Build Order

ILIEKEGGPIE Protoss - Winner!

Build Orders:  

Get SALT Encoding   

  12  0:00  Probe  
  13  0:13  Probe  
  14  0:19  Pylon  
  14  0:25  Probe  
  15  0:38  Probe  
  15  0:41  Gateway  
  16  0:50  Probe  
  16  0:55  Assimilator  
  17  1:01  Gateway  
  17  1:06  Probe  
  18  1:18  Probe  
  19  1:27  Pylon  
  19  1:30  Probe  
  20  1:34  Cybernetics Core  
  20  1:45  Probe, Assimilator  
  21  1:57  Probe  
  22  2:03  Stalker  
  22  2:07  Stalker  
  26  2:32  Shield Battery  
  26  2:57  Stalker  
  26  3:02  Pylon  
  28  3:13  Gateway  
  28  3:15  Gateway  
  28  3:19  Cybernetics Core  
  28  3:55  Warp Gate  
  28  3:57  Pylon  
  28  4:08  Stalker  
  28  4:15  Stalker  
  32  4:31  Pylon  
  32  4:32  Pylon  
  32  4:41  Shield Battery  
  32  4:42  Stalker  
  33  4:58  Robotics Facility  
  31  5:36  Immortal  
  35  5:59  Nexus  
  35  6:00  Pylon  
  35  6:03  Pylon  
  35  6:25  Zealot x2  
  39  6:40  Gateway  
  39  6:43  Gateway  
  39  6:46  Sentry  
  41  6:47  Zealot  
  43  7:02  Probe  
  43  7:06  Gateway  
  43  7:08  Gateway  
  44  7:12  Stalker x2  
  48  7:15  Immortal  
  52  7:44  Forge  
  52  7:46  Forge  
  52  7:51  Probe  
  52  7:54  Probe  
  54  7:59  Probe  
  54  8:02  Probe  
  55  8:09  Probe, Protoss Ground Armor Level 1  
  55  8:10  Probe  
  57  8:13  Pylon  
  57  8:19  Protoss Ground Weapons Level 1  
  58  8:21  Probe x2  
  60  8:33  Probe x2, Twilight Council  
  62  8:36  Pylon  
  62  8:51  Zealot x2  
  62  8:52  Sentry x2  
  62  8:53  Sentry  
  72  9:25  Stalker x4  
  72  9:26  Sentry, Zealot  
  84  9:33  Probe x2  
  84  9:35  Assimilator  
  86  9:39  Assimilator  
  86  9:40  Charge  
  86  9:45  Probe  
  65  10:00  Pylon  
  65  10:01  Immortal  
  65  10:03  Probe  
  70  10:18  Zealot x4  
  70  10:19  Zealot x2  
  82  10:30  Protoss Ground Weapons Level 2  
  82  10:32  Probe  
  82  10:33  Pylon  
  82  10:36  Protoss Ground Armor Level 2  
  82  10:40  Probe  
  84  10:50  Probe  
  84  10:56  Phoenix  
  85  11:02  Probe  
  86  11:08  Robotics Facility  
  86  11:13  Templar Archives  
  86  11:31  Probe  
  86  11:32  Probe  
  88  11:36  Nexus  
  88  11:44  Probe  
  89  11:55  Pylon  
  89  11:57  Psionic Storm, Pylon  
  89  12:10  Immortal  
  89  12:11  Immortal  
  97  12:23  Pylon  
  97  12:25  Zealot  
  97  12:26  High Templar x2  
  103  12:38  Protoss Ground Weapons Level 3  
  103  12:41  Immortal  
  107  13:06  Protoss Ground Armor Level 3  
  107  13:07  Probe  
  107  13:08  Probe  
  107  13:09  Probe  
  110  13:15  Probe  
  110  13:18  Warp Prism  
  111  13:21  Probe x2  
  111  13:23  Probe  
  116  13:35  Probe  
  117  13:42  Probe x2  
  117  13:47  Probe  
  120  13:49  Assimilator  
  120  13:51  Immortal  
  120  13:53  Assimilator  
  124  14:04  Pylon  
  124  14:09  Probe x3  
  127  14:20  Stalker x4  
  127  14:21  High Templar  
  127  14:22  High Templar  
  133  14:44  Gateway  
  133  14:45  Gateway  
  133  14:48  Immortal x2  
  133  14:49  Gateway  
  133  14:50  Gateway  
  133  14:52  Pylon  
  141  14:57  Zealot x3  
  141  14:58  Zealot x3  
  149  15:22  Protoss Shields Level 1  
  149  15:23  Zealot  
  151  15:28  Immortal  
  151  15:29  Immortal  
  159  15:59  Immortal  
  159  16:00  Immortal  
  161  16:11  Pylon  
  161  16:14  High Templar x2  
  165  16:18  Pylon  
  165  16:20  Pylon  
  165  16:24  Pylon  
  165  16:28  Immortal  
  165  16:29  Immortal  
  165  16:30  Pylon  
  173  16:41  Pylon  
  173  16:45  Pylon  
  173  17:04  Zealot  
  173  17:05  Zealot x3  
  173  17:08  High Templar  
  183  17:09  High Templar  
  183  17:11  Zealot  
  183  17:12  Zealot  
  189  17:19  Archon  
  168  18:19  Archon  
  150  18:21  Archon  
  126  18:40  Zealot x2  
  126  18:41  Zealot x6  
  134  18:46  Blink  
  142  19:10  Zealot x5  
  142  19:11  Zealot x3  
  142  19:12  Zealot x2  
  162  19:21  Nexus  
  160  19:26  Pylon  
  160  19:29  Pylon  
  144  19:43  Stalker  
  144  19:44  Stalker x4  
  144  19:45  Stalker  
  156  20:00  Zealot x3  
  156  20:01  Zealot  
  164  20:13  Immortal x2  
  162  20:41  Assimilator  
  162  20:45  Assimilator  
  162  20:50  Gateway  
  162  20:53  Gateway  
  150  21:40  Zealot  
  150  21:41  Zealot x4  
  150  21:42  Zealot  
  150  21:43  Zealot x4  
  170  21:58  Immortal x2  
  170  22:00  Protoss Shields Level 2  
  176  22:05  Stalker x3  
  176  22:06  Stalker  
  176  22:07  Stalker  
  186  22:12  Resonating Glaives  
  174  22:47  Immortal x2  
  182  23:02  Zealot x3  
  182  23:03  Zealot x4  
  182  23:04  Zealot  
  182  23:05  Zealot  
  200  23:16  High Templar x3  
  198  23:26  Immortal  
  186  24:12  Archon  
  176  24:30  Stalker x4  
  176  24:31  Stalker x3  
Show
View Real Time Build Order
Export as new Build Order

фари Protoss 

Build Orders:  

Get SALT Encoding   

  12  0:02  Probe  
  13  0:22  Pylon  
  13  0:28  Probe  
  14  0:36  Probe  
  15  0:46  Probe  
  15  0:49  Gateway  
  16  0:58  Probe  
  17  1:06  Forge  
  17  1:12  Probe, Assimilator  
  18  1:24  Probe  
  19  1:39  Zealot  
  21  1:52  Cybernetics Core  
  21  2:06  Assimilator  
  21  2:07  Zealot  
  23  2:17  Protoss Ground Weapons Level 1  
  23  2:36  Nexus  
  23  2:55  Pylon  
  23  3:04  Robotics Facility  
  23  3:10  Probe  
  23  3:14  Zealot  
  23  3:18  Probe  
  27  3:28  Probe  
  28  3:40  Probe  
  28  3:41  Zealot  
  31  3:52  Probe  
  32  4:04  Probe  
  32  4:08  Immortal, Zealot  
  39  4:16  Probe  
  40  4:17  Probe  
  41  4:28  Probe  
  42  4:35  Zealot  
  44  4:40  Probe  
  45  4:52  Probe  
  46  5:04  Pylon  
  46  5:07  Pylon  
  46  5:22  Adept, Immortal  
  52  5:49  Zealot  
  54  6:16  Zealot  
  52  6:43  Zealot  
  54  6:56  Protoss Ground Armor Level 1  
  54  7:03  Probe  
  54  7:05  Stargate  
  55  7:10  Stalker  
  55  7:11  Probe  
  55  7:13  Assimilator  
  58  7:19  Assimilator  
  58  7:20  Probe  
  58  7:23  Pylon  
  58  7:28  Probe  
  59  7:36  Probe  
  60  7:39  Robotics Bay  
  61  7:45  Stalker  
  61  7:47  Probe  
  61  7:50  Void Ray  
  68  7:56  Pylon  
  68  7:59  Probe, Pylon  
  68  8:03  Pylon  
  69  8:06  Pylon  
  69  8:10  Pylon  
  69  8:15  Stalker  
  71  8:30  Nexus  
  71  8:33  Pylon  
  71  8:37  Colossus  
  71  8:40  Void Ray  
  81  8:44  Extended Thermal Lance  
  81  8:45  Stalker  
  83  8:55  Robotics Facility  
  83  9:06  Protoss Air Weapons Level 1  
  83  9:15  Stalker  
  72  9:45  Stalker  
  72  9:53  Probe  
  73  10:01  Probe  
  74  10:07  Probe  
  74  10:10  Probe  
  74  10:12  Void Ray  
  80  10:19  Probe  
  81  10:21  Colossus  
  81  10:22  Probe  
  81  10:23  Colossus  
  81  10:27  Nexus  
  94  10:31  Probe  
  94  10:34  Probe  
  96  10:44  Probe  
  96  10:49  Assimilator  
  97  10:55  Assimilator  
  97  10:56  Probe  
  98  11:00  Photon Cannon  
  98  11:06  Pylon  
  98  11:09  Assimilator  
  98  11:15  Assimilator  
  98  11:37  Probe  
  99  11:49  Probe  
  100  11:56  Probe  
  101  12:01  Probe  
  101  12:02  Void Ray  
  101  12:07  Colossus  
  112  12:08  Probe  
  112  12:09  Colossus  
  112  12:13  Probe, Stalker  
  122  12:20  Probe  
  122  12:21  Stargate  
  123  12:25  Probe  
  123  12:28  Probe  
  124  12:36  Probe  
  125  12:43  Stalker  
  128  12:46  Probe  
  128  12:50  Void Ray  
  133  12:52  Protoss Air Armor Level 1  
  133  12:58  Probe  
  134  13:02  Colossus  
  140  13:10  Probe  
  141  13:13  Stalker  
  141  13:18  Probe  
  144  13:23  Probe  
  145  13:30  Probe  
  146  13:35  Probe  
  147  13:42  Probe  
  147  13:47  Probe  
  149  13:53  Fleet Beacon  
  149  13:54  Probe  
  150  13:59  Probe  
  151  14:06  Probe  
  152  14:11  Probe  
  153  14:24  Twilight Council  
  153  14:45  Pylon  
  153  14:46  Pylon  
  153  14:49  Pylon  
  153  14:53  Pylon  
  153  14:55  Pylon  
  153  14:56  Protoss Ground Weapons Level 2  
  153  14:57  Pylon  
  153  15:02  Carrier  
  153  15:03  Colossus x2  
  153  15:06  Carrier  
  177  15:50  Charge  
  177  16:04  Immortal  
  177  16:06  Immortal  
  185  16:25  Stargate  
  185  16:32  Stargate  
  185  16:34  Carrier  
  185  16:39  Carrier  
  197  17:03  Protoss Air Weapons Level 2  
  197  17:12  Protoss Ground Armor Level 2  
  57  19:00  Carrier  
  57  19:01  Carrier  
  69  19:03  Stalker  
  69  19:06  Carrier x2  
  44  20:35  Carrier  
Show
View Real Time Build Order
Export as new Build Order

Smurgul Protoss 

Build Orders: Cannon Rush 

Get SALT Encoding   

  1  0:00  Probe  
  12  0:07  Probe  
  14  0:16  Probe  
  15  0:27  Pylon  
  15  0:45  Probe  
  15  0:48  Forge  
  16  0:53  Pylon  
  16  0:57  Probe  
  17  1:07  Pylon  
  17  1:10  Probe  
  18  1:25  Photon Cannon  
  18  1:30  Photon Cannon  
  18  1:34  Probe  
  19  1:41  Pylon  
  19  1:52  Photon Cannon  
  19  2:02  Photon Cannon  
  19  2:10  Pylon  
  19  2:21  Photon Cannon  
  19  2:29  Photon Cannon  
  19  2:32  Probe  
  19  2:36  Pylon  
  20  2:50  Photon Cannon  
  20  2:51  Pylon  
  20  3:00  Photon Cannon  
  20  3:12  Photon Cannon  
  20  3:14  Pylon  
  20  3:17  Probe  
  21  3:34  Photon Cannon  
  21  3:35  Pylon  
  21  3:46  Photon Cannon  
  21  3:58  Photon Cannon  
  21  4:04  Photon Cannon  
  20  4:22  Probe, Gateway  
  21  4:26  Assimilator  
  21  4:39  Photon Cannon  
  21  4:40  Pylon  
  21  4:42  Probe  
  22  4:57  Probe, Pylon  
  23  5:11  Photon Cannon  
  23  5:20  Cybernetics Core  
  23  5:24  Photon Cannon  
  22  5:29  Photon Cannon  
  22  5:45  Warp Gate  
  22  5:46  Zealot  
  22  5:49  Probe  
  25  5:57  Gateway  
  25  6:12  Stalker  
  25  6:18  Pylon  
  25  6:24  Probe  
  28  6:27  Assimilator  
  28  6:36  Zealot  
  28  6:37  Zealot  
  28  6:41  Probe  
  28  6:43  Protoss Ground Weapons Level 1  
  33  6:53  Probe  
  34  7:15  Stalker x2  
  38  7:22  Probe  
  39  7:27  Nexus  
  39  7:34  Probe  
  38  7:57  Pylon  
  38  8:01  Pylon  
  38  8:03  Pylon  
  38  8:14  Robotics Facility  
  38  8:15  Probe  
  39  8:44  Probe  
  39  8:45  Stalker  
  39  8:46  Stalker  
  44  8:54  Protoss Ground Armor Level 1, Pylon  
  44  8:56  Probe  
  44  8:57  Probe  
  44  9:00  Photon Cannon  
  46  9:09  Probe  
  47  9:12  Sentry x2  
  51  9:18  Shield Battery  
  51  9:19  Probe  
  52  9:59  Stalker x2  
  56  10:01  Immortal  
  56  10:02  Probe x2  
  62  10:14  Probe  
  62  10:20  Assimilator  
  63  10:27  Probe, Gateway  
  64  10:36  Stalker  
  64  10:39  Stalker  
  64  10:41  Probe  
  69  10:43  Probe  
  69  10:49  Pylon  
  70  10:53  Immortal  
  74  11:04  Twilight Council  
  74  11:07  Probe  
  74  11:08  Probe  
  76  11:29  Protoss Ground Weapons Level 2  
  76  11:30  Gateway  
  76  11:31  Charge  
  76  11:32  Gateway  
  76  11:39  Stalker x3  
  82  11:51  Probe  
  82  11:52  Probe  
  84  12:00  Photon Cannon  
  84  12:03  Pylon  
  84  12:15  Nexus  
  84  12:19  Warp Prism  
  84  12:21  Pylon  
  84  12:26  Probe x2  
  88  12:42  Sentry x2  
  92  12:44  Stalker  
  92  12:50  Immortal  
  94  12:52  Probe  
  94  12:53  Probe  
  94  12:57  Pylon  
  100  13:02  Templar Archives  
  100  13:13  Gateway  
  100  13:16  Gateway  
  100  13:22  Probe  
  100  13:23  Probe  
  102  13:29  Observer, Probe  
  102  13:30  Pylon  
  104  13:34  Probe  
  104  13:35  Probe  
  107  13:41  Probe, Photon Cannon  
  107  13:45  Photon Cannon  
  107  13:50  Photon Cannon  
  107  13:51  Observer, Assimilator  
  108  13:55  Probe  
  108  13:56  Probe x2  
  108  13:59  Shield Battery  
  108  14:01  Shield Battery  
  111  14:02  Shield Battery  
  111  14:10  High Templar x2  
  111  14:15  Archon  
  115  14:25  Observer  
  115  14:26  Probe x3  
  115  14:29  Zealot x4  
  115  14:30  Zealot  
  129  14:37  Photon Cannon  
  129  14:41  Photon Cannon  
  129  14:44  Photon Cannon  
  129  14:46  Shield Battery, Observer  
  129  14:47  Probe  
  129  14:50  Assimilator  
  131  14:53  Assimilator  
  131  15:06  Protoss Ground Armor Level 2  
  131  15:14  Forge  
  131  15:34  Pylon, Nexus  
  131  15:36  Photon Cannon  
  131  15:37  Photon Cannon  
  130  16:28  Pylon  
  130  16:29  Pylon  
  130  16:30  Protoss Ground Weapons Level 3, Pylon  
  130  16:31  Pylon  
  130  16:32  Pylon  
  130  16:43  Shield Battery  
  130  16:45  Shield Battery, Probe x2  
  130  16:46  Photon Cannon  
  132  16:54  High Templar x5  
  134  16:55  High Templar  
  134  16:59  Archon x2  
  134  17:00  Archon  
  144  17:04  Gateway  
  140  17:55  Photon Cannon  
  140  17:56  Photon Cannon, Zealot x5  
  140  17:57  Zealot  
  152  18:11  Gateway  
  152  18:12  Gateway  
  74  18:27  High Templar  
  74  18:28  High Templar x4  
  74  18:29  High Templar  
  74  18:30  High Templar x2  
  74  18:33  Archon  
  74  18:34  Archon x2  
  82  18:35  Archon  
  78  19:33  Zealot x5  
  78  19:34  Stargate, Zealot x4  
  78  19:35  Zealot  
  92  20:02  Zealot x5  
  92  20:03  Zealot x4  
  110  20:11  Protoss Shields Level 1  
  110  20:12  Psionic Storm  
  88  20:29  Stalker x4  
  88  20:30  Stalker x2  
  82  20:38  Stalker  
  82  20:39  Stalker x3  
  82  21:16  Stalker x5  
  82  21:17  Stalker x5  
  54  21:45  High Templar x3  
  54  21:46  High Templar x5  
  54  21:47  High Templar x2  
  76  21:53  Dark Shrine, Archon x2  
  76  21:54  Archon x3  
  74  21:59  Nexus  
  47  22:23  Zealot x4  
  47  22:24  Zealot x4  
  50  22:32  Probe  
  15  23:11  Probe  
  16  23:23  Probe  
  17  23:35  Probe  
  17  23:46  Probe  
  17  23:47  Gateway  
  18  23:51  Gateway  
  18  23:54  Probe  
  18  24:02  Probe  
Tags
 
Add a new tag
Caveats
  • Supply blocks, unpowered buildings, or Contaminate may cause inaccurate times.
  • Supply counts are checked every 10 seconds.